AoeStats
← brayancobos741

Fortress

510090202Analyzed
4v4 RM · 4d ago on Sep 29, 2026· 37m 43s· 8 players
Game mode
Random Map
Map size
Huge
Population
200
Speed
Normal
Resources
Standard
Victory
Conquest
Starting age
Dark Age
Ending age
Imperial Age
RankedLock teamsTeams togetherTeam positionsShared explorationLock speedFull tech treeHidden civsTurbo modeCheats
Victory
Defeat
🇧🇷 Koreans · Brazil
692
+14
🇨🇴 Turks · Colombia
659
+15
🇵🇱 Malay · Poland
607
+17
🇯🇵 Vikings · Japan
581
+18
691
-18
🇨🇳 Persians · China
644
-16
🇦🇺 Huns · Australia
638
-16
🇯🇵 Persians · Japan
586
-14
sada613
8:38 Feudal Age
9:05 Double-Bit Axe
9:18 Gold Mining
9:14 Horse Collar
11:01 Wheelbarrow
18:14 Castle Age
17:04 Stone Mining
18:16 Loom
18:17 Town Watch
20:58 Hand Cart
23:19 Bow Saw
23:16 Town Patrol
27:59 Stone Shaft Mining
28:03 Gold Shaft Mining
30:47 Imperial Age
28:57 Forging
28:52 Scale Barding Armor
28:37 Fletching
29:00 Masonry
28:46 Murder Holes
31:42 Citadels
32:10 Conscription
33:43 Caravan
33:17 Elite War Elephant
34:09 Citadels
36:07 Iron Casting
35:52 Chain Barding Armor
京圈狂人
7:57 Feudal Age
9:14 Wheelbarrow
8:34 Double-Bit Axe
11:18 Horse Collar
16:23 Castle Age
18:08 Bow Saw
20:17 Hand Cart
20:01 Gold Mining
20:02 Stone Mining
23:22 Stone Shaft Mining
23:27 Gold Shaft Mining
23:32 Town Watch
27:13 Imperial Age
29:03 Two-Man Saw
28:06 Heavy Plow
28:36 Conscription
29:22 Elite War Elephant
32:30 Cavalier
raging tom
2:56 Loom
3:30 Loom
10:28 Feudal Age
12:35 Wheelbarrow
16:52 Castle Age
15:01 Gold Mining
14:54 Horse Collar
15:04 Double-Bit Axe
15:13 Stone Mining
19:19 Gold Shaft Mining
18:59 Bow Saw
18:53 Heavy Plow
19:11 Hand Cart
20:31 Scale Barding Armor
20:37 Forging
23:03 Town Watch
26:37 Town Patrol
27:14 Marauders
31:28 Imperial Age
29:33 Husbandry
29:44 Bloodlines
30:48 Caravan
32:26 Chain Barding Armor
32:07 Padded Archer Armor
32:43 Iron Casting
33:45 Conscription
33:24 Cavalier
34:33 Parthian Tactics
34:49 Plate Barding Armor
34:29 Leather Archer Armor
36:55 Two-Man Saw
36:23 Paladin
36:36 Pikeman
japs cancel meal for starvation
9:09 Feudal Age
12:45 Castle Age
10:50 Double-Bit Axe
11:19 Horse Collar
13:39 Bow Saw
13:31 Heavy Plow
14:09 Loom
19:32 Gold Mining
24:18 Wheelbarrow
28:14 Imperial Age
25:36 Fletching
25:47 Padded Archer Armor
26:19 Bodkin Arrow
26:25 Padded Archer Armor
27:13 Hand Cart
27:34 Gold Shaft Mining
27:46 Bloodlines
26:58 Light Cavalry
27:57 Leather Archer Armor
27:48 Scale Barding Armor
28:48 Ballistics
28:21 Cranequins
29:20 Husbandry
29:21 Bracer
29:43 Chain Barding Armor
30:26 Chemistry
29:55 Conscription
29:56 Stone Mining
31:38 Plate Barding Armor
31:14 Forging
31:37 Heavy Mounted Crossbowman
32:55 Iron Casting
31:43 Pikeman
32:23 Elite Skirmisher
33:34 Scale Mail Armor
33:39 Squires
35:18 Blast Furnace
35:08 Chain Mail Armor
34:51 Halberdier
35:18 Arson
37:31 Plate Mail Armor
36:41 Man-at-Arms
37:06 Gambesons
brayancobos741
10:58 Feudal Age
11:26 Double-Bit Axe
15:15 Castle Age
24:22 Gold Mining
26:52 Gold Shaft Mining
31:04 Imperial Age
31:15 Wheelbarrow
35:42 Elite Janissary
splashii
6:59 Feudal Age
13:25 Castle Age
12:23 Double-Bit Axe
15:00 Horse Collar
20:26 Gold Mining
26:00 Imperial Age
23:54 Heavy Plow
24:39 Wheelbarrow
27:09 Conscription
26:24 Elite Karambit Warrior
27:24 Bow Saw
29:08 Forging
29:05 Scale Barding Armor
28:34 Elite Battle Elephant
31:01 Iron Casting
35:48 Blast Furnace
34:36 Capped Ram
Ironkinghard
9:09 Feudal Age
9:42 Double-Bit Axe
9:38 Horse Collar
12:27 Wheelbarrow
15:59 Castle Age
13:58 Fletching
17:28 Bow Saw
17:24 Heavy Plow
24:16 Hand Cart
27:25 Imperial Age
25:33 Scale Barding Armor
25:35 Bodkin Arrow
26:15 Caravan
26:50 Forging
26:41 Scale Mail Armor
26:54 Pikeman
29:32 Two-Man Saw
28:53 Bracer
31:33 Chemistry
31:23 Squires
33:39 Elite War Wagon
35:12 Shinkichon
Jawaharlal NEHRU
0:33 Loom
8:04 Feudal Age
13:49 Castle Age
14:44 Horse Collar
14:52 Double-Bit Axe
19:33 Heavy Plow
19:53 Bow Saw
20:10 Town Watch
21:00 Gold Mining
22:00 Stone Mining
25:13 Imperial Age
23:28 Treadmill Crane
23:59 Fortified Wall
23:32 Pikeman
24:12 Squires
26:11 Forging
26:04 Scale Mail Armor
25:56 Fletching
26:57 Conscription
27:48 Chemistry
28:40 Town Patrol
29:42 Iron Casting
29:22 Chain Mail Armor
29:13 Scale Barding Armor
29:21 Caravan
31:15 Two-Man Saw
29:59 Capped Ram
31:28 Ballistics
32:14 Crop Rotation
31:38 Arson
32:54 Chieftains
34:49 Bogsveigar
34:25 Elite Varangian Guard
Connection lost

Rejoining the realm…

Still unreachable

The connection could not be restored.

Session expired

The server has moved on; the page needs a fresh start.